Steven, chaotic male elven Ranger ---------- |........| |...<....| --------------------------------- |.........### +...............................| -+------+- # |.---- ..-----.----+--..----- | ####|.| ----.|...-.-..| ..|(((| ##|.| |..|.|._.|.| .| .|((@| ###..-+-|..|.|...|%--------.|@.d| |%...|. |.|...|.[..-.//|.--|-- | |.{..-|--.----|.[..|.//|........| ...........-..|+--.-----.%----- | |....-|--..|..| |........+ |.-+-|..|.----| |-|--....| | |.| |..|.|.%(|--|...|---.-----.| .| |---.-.?%|..|(((| +.......| |.| |....|.?+|..|((.| |.......- |.----....-----|---------.....{.| ................................| --------------------------------- Steven the Trailblazer Experience level: 7 Strength: 16 Dexterity: 12 Constitution: 15 Intelligence: 13 Wisdom: 14 Charisma: 7 Health: 28(42) Energy: 43(43) Def: 13 Gold: 15 Moves: 2615 Dungeon seed: BWYeanvsNxvno_qL Game ID: Steven_1440218838 Your Inventory: Coins $ - 15 gold pieces Weapons a - an uncursed +1 elven dagger (weapon in hand) b - a blessed +2 elven bow (alternate weapon; not wielded) c - 48 uncursed +2 elven arrows (in quiver) Armor e - a blessed +2 elven cloak (being worn) q - an uncursed +0 pair of iron shoes (being worn) r - an uncursed +0 dwarvish mithril-coat (being worn) z - an uncursed +0 dwarvish iron helm (being worn) Comestibles f - 3 uncursed lembas wafers i - 2 uncursed food rations W - an uncursed tripe ration Scrolls y - an uncursed scroll of destroy armor M - an uncursed scroll of teleportation Wands h - an uncursed wand of digging (0:6) Tools o - an uncursed bag of holding v - an uncursed lock pick Contents of the bag of holding: 276 gold pieces 33 uncursed +0 elven arrows an uncursed -2 pair of levitation boots an uncursed scroll of enchant weapon an uncursed scroll of identify a cursed scroll of remove curse 2 uncursed scrolls of scare monster 2 uncursed scrolls of teleportation an uncursed potion of confusion an uncursed potion of extra healing an uncursed potion of hallucination an uncursed potion of healing a blessed potion of restore ability an uncursed ring of polymorph control an uncursed magic marker (0:64) an uncursed +0 pick-axe 7 cursed tallow candles (0:200) an uncursed tinning kit (0:36) an uncursed flint stone Spells and supernatural/magical abilities: Name Level Category Fail Memory W - pray for help -- divine ? -- Your skills at the end: Fighting Skills Weapon Skills dagger [Basic] bow [Basic] Spellcasting Skills Final Attributes: You were piously aligned. You were sleep resistant. You had automatic searching. You had infravision. You were stealthy. You survived. Vanquished creatures: a large mimic 2 small mimics 2 giant beetles a gnome king a dog 2 dwarf lords a dust vortex a soldier ant 6 gnome lords 3 gnomish wizards a kobold mummy a guardian naga hatchling 2 floating eyes 6 dwarves a kobold lord 6 hill orcs 2 orc zombies a dwarf zombie 2 hobbits a giant rat a green mold 22 gnomes a gecko 6 jackals a fox 5 goblins 5 sewer rats 4 grid bugs 2 lichens 2 kobold zombies a newt 93 creatures vanquished. Voluntary challenges: You used a wielded weapon 68 times, starting on turn 74. You were illiterate. You never genocided any monsters. You never polymorphed an object. You never changed form. You used no wishes. You never split a pudding. You never wrote Elbereth's name. You never violated your personal moral code. Dungeon overview: The Dungeons of Doom: levels 1 to 5 Level 1 a long staircase Level 2 Level 3 a general store Level 4 stairs to The Gnomish Mines Level 5 The Gnomish Mines: levels 5 to 8 Level 5 stairs to The Dungeons of Doom Level 6 Level 7 Level 8 <- You were here many shops, a temple to Mercury, some fountains History has recorded: On T:1 you entered the Dungeons of Doom to retrieve the Amulet of Yendor! On T:121 you reached level 2 of The Dungeons of Doom. On T:251 you advanced to experience level 2. On T:497 you reached level 3 of The Dungeons of Doom. On T:626 you advanced to experience level 3. On T:1028 you reached level 4 of The Dungeons of Doom. On T:1305 you reached level 5 of The Dungeons of Doom. On T:1384 you advanced to experience level 4. On T:1413 you reached level 1 of The Gnomish Mines. On T:1607 you advanced to experience level 5. On T:1770 you reached level 3 of The Gnomish Mines. On T:1788 you reached level 2 of The Gnomish Mines. On T:1899 you advanced to experience level 6. On T:2157 you advanced to experience level 7. On T:2287 you reached level 4 of The Gnomish Mines. Score breakdown: Gold: 291 ( 29 points) Experience: 7 levels ( 600 points) Exploration: 8 levels ( 210 points) Discoveries: 8 items ( 400 points) Variety of kills: 31 monsters ( 1550 points) Major goal: (nothing yet) ( 0 points) Survival: quit (score multiplied by 3) Total score: 8367 Latest messages: Izchak gratefully inherits all your possessions. Final status: Goodbye Steven the Ranger, quit... You quit in The Gnomish Mines on dungeon level 8 with 8367 points, and 291 pieces of gold, after 2615 moves. You were level 7 with a maximum of 42 hit points when you quit.